 Dungeon Crawl Stone Soup version 0.19.1 (webtiles) character file.

1514 Gargoyl the Chopper (level 8, -1/70 HPs)
             Began as a Pale Draconian Abyssal Knight on Dec 3, 2016.
             Was a Priest of Lugonu.
             Slain by an orc warrior
             ... wielding a +0 short sword
              (16 damage)
             ... on level 6 of the Dungeon.
             The game lasted 00:14:29 (6266 turns).

Gargoyl the Chopper (Pale Draconian Abyssal Knight) Turns: 6266, Time: 00:14:30

Health: -1/70      AC:  7    Str: 17    XL:     8   Next: 53%
Magic:  9/9        EV: 11    Int: 13    God:    Lugonu [***...]
Gold:   263        SH: 15    Dex: 10    Spells: 0 memorised, 7 levels left

rFire  . . .     SeeInvis .     a - +3 hand axe
rCold  + . .     Gourm    .     (armour unavailable)
rNeg   . . .     Faith    .     n - +1 shield
rPois  +         Spirit   .     (helmet restricted)
rElec  .         Reflect  +     (no cloak)
rCorr  .         Harm     .     c - +0 pair of gloves
MR     .....     Rnd*Tele +     (no boots)
Stlth  +.........               d - +5 amulet of reflection
                                (no ring)
                                w - ring of protection from cold

@: no status effects
A: breathe steam, unfitting armour, stinger 1, poison resistance, teleportitis
1, cold-blooded, AC +6
a: Breathe Steam, Depart the Abyss, Bend Space, Banish, Renounce Religion


You were on level 6 of the Dungeon.
You worshipped Lugonu.
Lugonu was most pleased with you.
You were hungry.

You visited 1 branch of the dungeon, and saw 6 of its levels.
You visited the Abyss 1 time.

You collected 263 gold pieces.

Inventory:

Hand Weapons
 a - a +3 hand axe (weapon)
Armour
 c - a +0 pair of gloves (worn)
 n - a +1 shield (worn)
Jewellery
 d - a +5 amulet of reflection (around neck)
 f - a +4 amulet of reflection
 w - a ring of protection from cold (left hand)
Wands
 e - a wand of flame (27/48)
Scrolls
 g - a scroll of recharging
 j - 4 scrolls of blinking
 k - 5 scrolls of identify
 l - a scroll of enchant weapon
 p - 5 scrolls of remove curse
Potions
 i - a potion of degeneration {unknown}
 o - a potion of curing
Comestibles
 b - a bread ration
 h - a meat ration
 x - a beef jerky


   Skills:
 + Level 5.9 Fighting
 + Level 6.8 Axes
 + Level 4.3 Dodging
 + Level 1.2 Stealth
 + Level 5.2 Shields
 + Level 2.0 Invocations


You had 7 spell levels left.
You didn't know any spells.

Dungeon Overview and Level Annotations

Branches:
Dungeon (6/15)             Temple (0/1) D:4

Altars:
Gozag
Nemelex Xobeh
Xom
Zin

Annotations:
D:3 Grinder


Innate Abilities, Weirdness & Mutations

You can breathe blasts of scalding, opaque steam.
Your pale cyan-grey scales are hard. (AC +6)
You cannot fit into any form of body armour.
You are cold-blooded and may be slowed by cold attacks.
Your tail ends in a poisonous barb.
Your system is resistant to poisons. (rPois)
You are occasionally teleported next to monsters.


Message History

The orc warrior hits you with a short sword!
* * * LOW HITPOINT WARNING * * *
Press: ? - help, Shift-Dir - straight line, f/p - orc warrior
Aim: an orc warrior, wielding a short sword and wearing a chain mail (heavily wounded, chance to defeat MR: 81%)
You fail to use your ability.
The orc warrior hits you with a short sword.
* * * LOW HITPOINT WARNING * * *
Press: ? - help, Shift-Dir - straight line, f/p - orc warrior
Aim: an orc warrior, wielding a short sword and wearing a chain mail (heavily wounded, chance to defeat MR: 81%)
You fail to use your ability.
You have got your breath back.
You block the orc warrior's attack.
Press: ? - help, Shift-Dir - straight line, f/p - orc warrior
Aim: an orc warrior, wielding a short sword and wearing a chain mail (heavily wounded, chance to defeat MR: 81%)
You fail to use your ability.
You block the orc warrior's attack.
Press: ? - help, Shift-Dir - straight line, f/p - orc warrior
Aim: an orc warrior, wielding a short sword and wearing a chain mail (heavily wounded, chance to defeat MR: 81%)
You fail to use your ability.
The orc warrior hits you with a short sword!
You die...

#.......)..............##....
#.##.............†.######.###
# #.#####....###)## #.# ...#
#.......)## ... #.####
#...#...).# ..# ..
#.....≈≈≈.# .# # .
#.....≈$≈.# . #...#.≈≈≈..
##.@o......# ##.#.......
#.#?..##... #..(......#. ###
.#... ..#. ...


You could see an orc warrior.

Vanquished Creatures
  Prince Ribbit (D:5)
  A sky beast (D:5)
  A phantom (D:6)
  2 ogres
  A centaur (D:6)
  2 scorpions
  A howler monkey (D:5)
  4 crimson imps
  An orc priest (D:5)
  A gnoll shaman (D:4)
  3 centaur skeletons
  Jessica (D:5)
  3 orc wizards
  4 iguanas
  4 worker ants
  A hound zombie (D:5)
  Robin (D:3)
  3 adders (D:3)
  6 gnolls (D:5)
  An ooze (D:4)
  An adder skeleton (D:5)
  A worm (D:2)
  2 leopard geckos
  7 orcs
  2 giant cockroaches
  11 goblins
  7 hobgoblins
  A jackal (D:1)
  A ball python (D:3)
  9 bats
  6 frilled lizards
  11 kobolds
  5 rats
106 creatures vanquished.

Notes
Turn   | Place    | Note
-------+----------+-------------------------------------------
     0 | Abyss:1  | Gargoyl the Draconian Abyssal Knight began the quest for the Orb.
     0 | Abyss:1  | Reached XP level 1. HP: 19/19 MP: 2/2
    34 | Abyss:1  | Noticed a smoke demon
    40 | Abyss:2  | Found a corrupted altar of Lugonu.
    71 | Abyss:2  | Noticed a spatial vortex
    73 | Abyss:2  | Noticed a spatial maelstrom
    76 | Abyss:2  | Noticed a spatial vortex
    79 | Abyss:2  | Noticed a spatial vortex
    80 | D:1      | Escaped the Abyss
   175 | D:1      | Reached * piety under Lugonu
   272 | D:1      | Reached XP level 2. HP: 20/27 MP: 3/3
  1116 | D:2      | Reached XP level 3. HP: 33/33 MP: 4/4
  1184 | D:2      | Noticed an angel
  1184 | D:2      | Found a glowing silver altar of Zin.
  1184 | D:2      | Found a shimmering altar of Xom.
  1760 | D:3      | Reached skill level 3 in Axes
  1760 | D:3      | Reached XP level 4. HP: 40/41 MP: 5/5
  1766 | D:3      | You fall through a shaft!
  1871 | D:4      | Found a sparkling altar of Nemelex Xobeh.
  1871 | D:4      | Found an opulent altar of Gozag.
  1955 | D:4      | Found a staircase to the Ecumenical Temple.
  2186 | D:3      | Reached ** piety under Lugonu
  2494 | D:3      | Reached skill level 1 in Shields
  2509 | D:3      | Noticed Robin
  2525 | D:3      | Killed Robin
  2690 | D:3      | Noticed Grinder
  2819 | D:4      | Reached XP level 5. HP: 47/47 MP: 6/6
  3063 | D:4      | Reached skill level 4 in Axes
  3641 | D:5      | Entered Level 5 of the Dungeon
  3649 | D:5      | Noticed Prince Ribbit
  3675 | D:4      | HP: 1/47 [iguana (10)]
  4010 | D:4      | Reached XP level 6. HP: 48/53 MP: 7/7
  4065 | D:5      | Gained mutation: You are occasionally teleported next to monsters. [potion of mutation]
  4065 | D:5      | Gained mutation: Your system is resistant to poisons. (rPois) [potion of mutation]
  4065 | D:5      | Gained mutation: Your tail ends in a poisonous barb. [potion of mutation]
  4523 | D:5      | Reached skill level 5 in Fighting
  4542 | D:5      | Noticed a sky beast
  4561 | D:5      | Killed a sky beast
  4561 | D:5      | Your scales start taking on a pale cyan-grey colour.
  4561 | D:5      | Reached XP level 7. HP: 38/61 MP: 8/8
  4655 | D:5      | Reached skill level 5 in Axes
  4858 | D:5      | Reached *** piety under Lugonu
  5604 | D:5      | Found a sparkling altar of Nemelex Xobeh.
  5604 | D:5      | Noticed Jessica
  5616 | D:5      | Killed Jessica
  5616 | D:5      | Reached skill level 1 in Stealth
  5701 | D:5      | Killed Prince Ribbit
  5701 | D:5      | Reached skill level 6 in Axes
  5701 | D:5      | Reached XP level 8. HP: 56/69 MP: 9/9
  5948 | D:6      | Reached skill level 5 in Shields
  6266 | D:6      | Slain by an orc warrior

Skill      XL: |  1  2  3  4  5  6  7  8 |
---------------+-------------------------+-----
Fighting       | 4 5 |  5.9
Axes           | 3 4 6 |  6.8
Shields        | 1 2 3 4 5 |  5.2
Dodging        | 3 4 |  4.3
Stealth        | 1 |  1.2
Invocations    | |  2.0

Action                   |  1- 3 |  4- 6 |  7- 9 || total
-------------------------+-------+-------+-------++-------
Melee: Hand axe          |    87 |   230 |   183 ||   500
       Tailslap          |     9 |    22 |    22 ||    53
Invok: Depart the Abyss  |     1 |       |       ||     1
 Abil: Breathe Steam     |       |       |     8 ||     8
  Use: Scroll            |       |    12 |       ||    12
       Potion            |       |    10 |       ||    10
 Stab: Sleeping          |       |       |     1 ||     1
  Eat: Chunk             |     2 |     7 |       ||     9
       Bread ration      |       |     1 |     1 ||     2
Armor: Skin              |    17 |    49 |    26 ||    92
Dodge: Dodged            |    33 |    56 |    36 ||   125
Block: Other             |    18 |       |       ||    18
       Shield            |    20 |   165 |   113 ||   298
       Reflection        |       |     9 |     1 ||    10
